 Dungeon Crawl Stone Soup version 0.29.1-1-gd02db6906a (webtiles) character file.

Game seed: 4672444496150545350

87 RascalDebosk the Ducker (level 4, 0/33 HPs)
             Began as a Djinni Gladiator on Oct 13, 2022.
             Slain by an orc
             ... wielding a +0 mace
              (5 damage)
             ... on level 3 of the Dungeon.
             The game lasted 00:13:44 (2570 turns).

RascalDebosk the Ducker (Djinni Gladiator)          Turns: 2570, Time: 00:13:45

Health: 0/33       AC:  4    Str: 13    XL:     4   Next: 80%
Gold:   104        EV: 12    Int: 12    God:
                   SH:  0    Dex: 14

rFire   + + .      SeeInvis .   a - +0 rapier
rCold   x . .      Faith    .   (no shield)
rNeg    . . .      Spirit   .   b - +0 leather armour
rPois   ∞          Reflect  .   c - +0 helmet
rElec   .          Harm     .   (no cloak)
rCorr   .          Rampage  .   (no gloves)
Will    .....                   (boots unavailable)
Stlth   +.........              (no amulet)
HPRegen 0.11/turn               (no ring)
MPRegen 0.00/turn               (no ring)

@: flying
A: sickness immunity, fire resistance 2, cold vulnerability 1, float, innate
caster, HP casting, extra vitality 1
a: no special abilities


You were on level 3 of the Dungeon.
You visited 1 branch of the dungeon, and saw 3 of its levels.

You collected 104 gold pieces.

Inventory:

Hand Weapons
 a - a +0 rapier (weapon)
Missiles
 d - 3 throwing nets {@!f}
 e - a javelin (quivered)
 k - 2 boomerangs
 n - 10 poisoned darts
Armour
 b - a +0 leather armour (worn)
 c - a +0 helmet (worn)
Wands
 m - a wand of acid (12)
Scrolls
 h - 2 scrolls of immolation {unknown}
 l - 4 scrolls of identify {unknown}
 o - a scroll of fear {unknown}
Potions
 f - a potion of invisibility {unknown}
 g - 2 potions of attraction {unknown}
 i - 3 potions of curing {unknown}
 j - a potion of heal wounds {unknown}
 p - a potion of might {unknown}
 q - a potion of mutation {unknown}


   Skills:
 - Level 2.3 Fighting
 - Level 2.6 Short Blades
 - Level 1.5 Throwing
 + Level 2.3 Armour
 - Level 3.2 Dodging
 + Level 2.0 Spellcasting


You had 6 spell levels left.
You knew the following spells:

 Your Spells              Type           Power      Damage    Failure   Level
a - Summon Small Mammal   Summ           24%        N/A       16%         1
Your spell library was empty.

Dungeon Overview and Level Annotations

Branches:
Dungeon (3/15)

Altars:


Innate Abilities, Weirdness & Mutations

You are immune to sickness and miasma.
You are immune to poison.
Your flesh is very heat resistant. (rF++)
You are vulnerable to cold. (rC-)
You float through the air rather than walking.
You learn spells naturally, not from books.
Your magical power is your life essence.
You have superior vitality. (+4 MHP)


Message History

The endoplasm quivers.
The endoplasm attacks as you move away! The endoplasm barely misses you.
The orc throws a boomerang.
The boomerang hits you but does no damage.
You hit the endoplasm.
The endoplasm is lightly wounded.
The endoplasm freezes you.
You are frozen.
You hit the endoplasm.
The endoplasm is heavily wounded.
The endoplasm freezes you.
You are frozen.
You feel a terrible chill!
You hit the endoplasm.
You kill the endoplasm!
You hit the orc.
The orc is heavily wounded.
The orc closely misses you.
You hit the orc.
The orc is heavily wounded.
Casting: Summon Small Mammal (safe; 19% risk of failure)
Confirm with . or Enter, or press ? or * to list all spells.
The orc priest looks encouraged for a moment.
The orc closely misses you.
The orc priest calls upon Beogh to heal the orc.
The orc's wounds heal themselves!
Your bat hits the orc. You hit the orc.
The orc is heavily wounded.
Your bat closely misses the orc.
Your bat barely misses the orc.
The orc misses your bat.
Your bat barely misses the orc.
The orc completely misses you.
You hit the orc.
The orc is almost dead.
Your bat hits the orc.
The orc dies!
You hit the orc priest.
The orc priest is moderately wounded.
Your bat hits the orc priest but does no damage.
The orc priest hits you but does no damage.
You hit the orc priest but do no damage.
The orc priest is moderately wounded.
Your bat hits the orc priest but does no damage.
Your bat hits the orc priest.
Your bat barely misses the orc priest.
The orc priest hits your bat with a +0 club.
You hit the orc priest.
The orc priest is severely wounded.
Your bat barely misses the orc priest.
Your bat closely misses the orc priest.
Your bat hits the orc priest but does no damage.
The orc priest barely misses you.
You hit the orc priest.
You kill the orc priest!
Your bat barely misses the orc.
Your bat closely misses the orc.
The orc misses your bat. Something completely misses your bat.
Your Armour skill increases to level 2!
The orc barely misses you. x2; Your bat closely misses the orc.
Items here: ( )) [.
You barely miss the orc.
Your bat barely misses the orc.
The orc hits you with a +0 flail. The orc hits you with a +0 hand axe.
The orc attacks as you move away! The orc barely misses you.
Your bat hits the orc. You hit the orc.
The orc is severely wounded.
Your bat hits the orc.
Your bat hits the orc but does no damage.
The orc barely misses you.
You hit the orc.
The orc is almost dead.
Your bat barely misses the orc.
Your bat hits the orc. x2
You hit the orc.
You kill the orc!
Your bat misses the orc.
Your bat closely misses the orc.
Your Spellcasting skill increases to level 2!
You closely miss the orc.
The orc is moderately wounded.
Your bat closely misses the orc.
The orc closely misses you. The orc hits you with a +0 mace.
You hit the orc but do no damage.
The orc is lightly wounded.
Your bat hits the orc.
Your bat barely misses the orc.
The orc hits you with a +0 mace.
* * * LOW HITPOINT WARNING * * *
The orc barely misses you.
You hit the orc but do no damage.
The orc is lightly wounded.
Your bat closely misses the orc.
The orc hits you with a +0 mace.
* * * LOW HITPOINT WARNING * * *
The orc closely misses you.
You hit the orc.
The orc is moderately wounded.
Your bat barely misses the orc.
The orc barely misses you. The orc hits you but does no damage.
The orc misses you. The orc hits you with a +0 mace.
* * * LOW HITPOINT WARNING * * *
The orc attacks as you move away! The orc hits you but does no damage.
Your bat barely misses the orc.
Your bat hits the orc. The orc hits you but does no damage.
Your bat hits the orc.
Your bat closely misses the orc.
You hit the orc but do no damage.
The orc is heavily wounded.
Your bat hits the orc. The orc hits you with a +0 mace.
You die...

.♣.. .#.######..
... .......<... #..
##.####.##. ##..###
#....... ♣.♣.....#
#....#.#
........###
#.......
........))##
#.####.#
.[......#b.######
#......#
........##oo@...###
########
........#######...#
. ##....... ###.#
.<....... ##.######
#........
#.......## .......
PP..#####..# P....#
##.# ♣P.♣# #.# ...#
#.#


You could see 2 orcs and a friendly bat (summoned).

Vanquished Creatures
  An orc priest (D:3)
  2 adders (D:3)
  An orc (D:3)
  5 endoplasms
  2 giant cockroaches
  A goblin (D:2)
  A hobgoblin (D:2)
  2 jackals (D:1)
  2 quokkas
  A ball python (D:2)
  5 bats
  A frilled lizard (D:1)
  2 kobolds (D:2)
  5 rats
31 creatures vanquished.

Vanquished Creatures (collateral kills)
  A worm (D:2)
  An orc (D:3)
  A giant cockroach (D:2)
3 creatures vanquished.

Vanquished Creatures (others)
  2 plants (D:3)
2 creatures vanquished.

Grand Total: 36 creatures vanquished

Notes
Turn   | Place    | Note
-------+----------+-------------------------------------------
     0 | D:1      | RascalDebosk the Djinni Gladiator began the quest for the
                  | Orb.
     0 | D:1      | Reached XP level 1. HP: 18/18 MP: 0/0
   428 | D:1      | Reached XP level 2. HP: 22/23 MP: 0/0
   529 | D:1      | Found a faded altar of an unknown god.
  1051 | D:2      | Reached skill level 1 in Spellcasting
  1230 | D:2      | Reached skill level 1 in Armour
  1230 | D:2      | Reached XP level 3. HP: 26/28 MP: 0/0
  1230 | D:2      | Learned a level 1 spell: Summon Small Mammal
  2239 | D:3      | Reached XP level 4. HP: 14/33 MP: 0/0
  2570 | D:3      | Slain by an orc

Illustrated notes

Levels and vault maps discovered:
D:1:      dpeg_arrival_solitude, layout_loops_ring, basic_ecumenical_altar
D:2:      layout_loops_cross, minmay_heptomino_o4
D:3:      layout_basic, serial_forest, infiniplex_forest_lined_3,
          infiniplex_forest_pool, infiniplex_forest_lined_room_2,
          infiniplex_forest_corner_1, infiniplex_forest_end_3,
          infiniplex_forest_clump_medium, serial_bayou_pond_c,
          kennysheep_pointless_box

Skill      XL: |  1  2  3  4 |
---------------+-------------+-----
Spellcasting   | 1 2 |  2.0
Armour         | 1 2 |  2.3
Fighting       | |  2.3
Short Blades   | |  2.6
Throwing       | |  1.5
Dodging        | |  3.2

Action                   |  1- 3 |  4- 6 || total
-------------------------+-------+-------++-------
Melee: Rapier            |   112 |    24 ||   136
       Punch             |     1 |       ||     1
Throw: Javelin           |     2 |       ||     2
 Cast: Summon Small Mamm |     8 |     1 ||     9
 Stab: Sleeping          |     1 |       ||     1
Armor: Leather armour    |    48 |     6 ||    54
Dodge: Dodged            |    93 |    14 ||   107
